 Dungeon Crawl Stone Soup version 0.25-a0-731-g0472a16d6a (webtiles) character file.

Game seed: 18273729111918952219, levelgen mode: deterministic

1054 kae the Destroyer (level 8, -7/41 HPs)
             Began as a Tengu Air Elementalist on Apr 8, 2020.
             Was an Initiate of Vehumet.
             Mangled by a slave (9 damage)
             ... led by Pikel
             ... while paralysed by Pikel
             ... on level 6 of the Dungeon.
             The game lasted 00:06:09 (6481 turns).

kae the Destroyer (Tengu Air Elementalist)          Turns: 6481, Time: 00:06:09

Health: -7/41      AC:  2    Str:  8    XL:     8   Next: 26%
Magic:  15/15      EV:  2    Int: 18    God:    Vehumet [......]
Gold:   337        SH:  0    Dex: 15    Spells: 6/16 levels left

rFire    . . .     SeeInvis .   (no weapon)
rCold    . . .     Gourm    .   (no shield)
rNeg     . . .     Faith    .   a - +0 robe
rPois    .         Spirit   .   (helmet restricted)
rElec    .         Reflect  .   (no cloak)
rCorr    +         Harm     .   (no gloves)
MR       .....                  (boots unavailable)
Stlth    ++........             (no amulet)
HPRegen  0.13/turn              m - ring of resist corrosion
MPRegen  0.14/turn              e - ring of wizardry

@: paralysed, flying quickly and evasively, quick
A: beak, talons 3, able to fly
a: Stop Flying, Renounce Religion


You were on level 6 of the Dungeon.
You worshipped Vehumet.
Vehumet was noncommittal.
You were near starving.

You visited 1 branch of the dungeon, and saw 6 of its levels.

You collected 337 gold pieces.

Inventory:

Armour
 a - a +0 robe (worn)
Jewellery
 e - a ring of wizardry (right hand)
 m - a ring of resist corrosion (left hand)
Wands
 p - a wand of paralysis (5)
Scrolls
 f - a scroll of enchant weapon
 h - 4 scrolls of identify
 n - 4 scrolls of teleportation
 o - a scroll of fog
Potions
 b - 2 potions of flight
 d - 2 potions of lignification
 g - a potion of brilliance
 i - 2 potions of invisibility
 j - a potion of degeneration
 k - a potion of haste
 l - 5 potions of curing
 q - a potion of heal wounds
Comestibles
 c - 11 rations


   Skills:
 - Level 2.1 Dodging
 - Level 2.0 Stealth
 + Level 4.6 Spellcasting
 * Level 8.8 Conjurations
 + Level 7.3 Air Magic


You had 6 spell levels left.
You knew the following spells:

 Your Spells              Type           Power        Failure   Level  Hunger
a - Shock                 Conj/Air       ####         1%          1    None
b - Static Discharge      Conj/Air       ####....     1%          3    ###....
c - Airstrike             Air            ####......   2%          4    ####...
d - Swiftness             Chrm/Air       ###.....     1%          2    #......

Your spell library contained the following spells:

 Spells                   Type           Power        Failure   Level  Hunger
 Magic Dart               Conj           ####         1%          1    None
 Searing Ray              Conj           #####.       1%          2    #......
 Dazzling Flash           Conj/Hex       ###...       2%          3    ###....
 Lightning Bolt           Conj/Air       ####......   6%          5    ######.
 Fulminant Prism          Conj/Hex       ###.......   9%          4    ####...
 Iskenderun's Mystic Bla  Conj/Tloc      ###.....     9%          4    ####...


Dungeon Overview and Level Annotations

Branches:
Dungeon (6/15)
 Temple: D:4-7

Altars:
Trog
Vehumet
Xom
Zin

Shops:
D:4 %

Annotations:
D:3 Terence
D:4 exclusion: hornet
D:6 Grinder, Menkaure, Pikel, Sigmund


Innate Abilities, Weirdness & Mutations

You have a beak for a mouth.
You have claws for feet.
You can fly continuously.


Message History

You kill the slave!
That felt strangely unrewarding.
The lightning grounds out.
Casting: Static Discharge (safe; 1% risk of failure)
Confirm with . or Enter, or press ? or * to list all spells.
You can't see any susceptible monsters within range! (Use Z to cast anyway.)
You start resting.
Magic restored.
HP restored.
You fly downwards.
Level annotation: Grinder, Menkaure, Pikel, Sigmund The slave closely misses you.
Pikel zaps a wand.
You suddenly lose the ability to move!
The slave hits you. x2
The slave hits you. x2; Pikel zaps a wand.
You shrug off the repeated paralysis!
The slave hits you! x2
* * * LOW HITPOINT WARNING * * *
Pikel zaps a wand.
You resist with some effort. The slave hits you!
* * * LOW HITPOINT WARNING * * *
The slave hits you!
You die...

.....#.#
... .#.@
#'# #.#
#.# #.#
# #.#
#.#p#
#.p@#
###.#
#.. +.K.
#....
......
.......
........


You could see Pikel and 2 slaves.

Vanquished Creatures
  A wyvern (D:5)
  An ice beast (D:4)
  A necrophage (D:5)
  A slave (D:5)
  A phantom (D:5)
  A scorpion (D:5)
  A howler monkey (D:5)
  4 crimson imps
  2 jellies (D:5)
  An orc priest (D:6)
  An orc wizard (D:6)
  2 iguanas (D:6)
  4 worker ants
  A mummy (D:6)
  6 adders
  A shadow imp (D:6)
  An ooze (D:6)
  A worm (D:2)
  A dart slug (D:1)
  5 leopard geckos
  4 orcs
  2 ball pythons
  A bat (D:3)
  3 giant cockroaches
  2 goblins
  7 hobgoblins
  2 jackals (D:1)
  9 kobolds
  A quokka (D:4)
  6 frilled lizards
  A giant cockroach zombie (D:5)
  4 hobgoblin zombies (D:6)
  4 rats
83 creatures vanquished.

Notes
Turn   | Place    | Note
-------+----------+-------------------------------------------
     0 | D:1      | kae the Tengu Air Elementalist began the quest for the Orb.
     0 | D:1      | Reached XP level 1. HP: 10/10 MP: 4/4
    96 | D:1      | Reached skill level 2 in Conjurations
   109 | D:1      | Reached XP level 2. HP: 12/15 MP: 1/6
   556 | D:1      | Reached XP level 3. HP: 17/19 MP: 1/7
   763 | D:2      | You fall into a shaft and drop 2 floors!
   764 | D:4      | Noticed an ice beast
   784 | D:3      | Reached skill level 3 in Conjurations
   877 | D:3      | Found a bloodstained altar of Trog.
   971 | D:3      | Learned a level 2 spell: Swiftness
   975 | D:3      | Learned a level 3 spell: Static Discharge
  1564 | D:2      | Reached XP level 4. HP: 24/24 MP: 1/8
  2301 | D:3      | Reached skill level 4 in Conjurations
  2403 | D:3      | Noticed Terence
  3119 | D:4      | Noticed a hornet
  3255 | D:4      | Found Jopp's Food Boutique.
  3283 | D:4      | Killed an ice beast
  3283 | D:4      | Reached skill level 5 in Conjurations
  3283 | D:4      | Reached skill level 5 in Air Magic
  3283 | D:4      | Gained mutation: You can fly continuously. [Tengu growth]
  3283 | D:4      | Reached XP level 5. HP: 14/28 MP: 1/10
  3452 | D:4      | Learned a level 4 spell: Airstrike
  3610 | D:4      | Found a radiant altar of Vehumet.
  3611 | D:4      | Found a glowing silver altar of Zin.
  3640 | D:4      | Became a worshipper of Vehumet
  3777 | D:5      | Entered Level 5 of the Dungeon
  3777 | D:5      | Noticed a necrophage
  3777 | D:5      | Noticed a phantom
  3782 | D:5      | Reached XP level 6. HP: 32/32 MP: 5/11
  4233 | D:5      | Reached skill level 6 in Conjurations
  4424 | D:5      | Found a shimmering altar of Xom.
  4613 | D:5      | Killed a necrophage
  4613 | D:5      | Reached XP level 7. HP: 21/36 MP: 1/13
  4661 | D:5      | Noticed a wyvern
  4667 | D:5      | Killed a wyvern
  4667 | D:5      | Reached skill level 7 in Conjurations
  5443 | D:6      | Noticed Menkaure
  5460 | D:6      | Reached skill level 8 in Conjurations
  5547 | D:6      | Reached XP level 8. HP: 41/41 MP: 5/15
  5577 | D:6      | Noticed Grinder
  5655 | D:6      | Noticed Sigmund
  6410 | D:6      | Noticed Pikel
  6478 | D:6      | Paralysed by Pikel for 7 turns
  6481 | D:6      | HP: 2/41 [slave[Pikel] (9)]
  6481 | D:6      | Mangled by a slave

Levels and vault maps discovered:
D:1:      ncdulo_smallfort, layout_basic
D:2:      minmay_door_path, layout_rooms, serial_bayou, serial_bayou_lagoon_b,
          serial_bayou_crossing, serial_bayou_pond_c, serial_bayou_shore_a
D:3:      layout_loops_corners, nicolae_overflow_hidden_temple, uniq_terence
D:4:      layout_loops_ring, gammafunk_temple_overflow_statue, first_ration,
          serial_shops, shop_fountains
D:5:      layout_cave_pools, grunt_decor_resistance, tgw_xom
D:6:      layout_basic, minmay_mini_ossuary, uniq_pikel, uniq_maggie,
          uniq_menkaure, uniq_grinder, uniq_sigmund, uniq_blork_the_orc

Skill      XL: |  1  2  3  4  5  6  7  8 |
---------------+-------------------------+-----
Conjurations   | 2 3 5 6 8 |  8.8
Spellcasting   | 3 4 |  4.6
Air Magic      | 5 6 7 |  7.3
Dodging        | |  2.1
Stealth        | |  2.0

Action                   |  1- 3 |  4- 6 |  7- 9 || total
-------------------------+-------+-------+-------++-------
Melee: Unarmed           |    53 |    46 |    35 ||   134
       Peck              |     6 |     8 |     8 ||    22
       Kick              |    11 |    12 |    11 ||    34
 Cast: Shock             |    62 |    51 |    12 ||   125
       Static Discharge  |     1 |     8 |    17 ||    26
       Airstrike         |       |     4 |    10 ||    14
       Swiftness         |       |     2 |       ||     2
 Abil: Fly               |       |     1 |       ||     1
  Use: Scroll            |       |    15 |     4 ||    19
       Potion            |       |     4 |     1 ||     5
 Stab: Sleeping          |     3 |     1 |       ||     4
  Eat: Chunk             |     3 |     4 |       ||     7
       Ration            |       |     2 |     2 ||     4
Armor: Robe              |     9 |     9 |     5 ||    23
Dodge: Dodged            |    43 |    45 |    38 ||   126

Table legend:
 A = Non-vault XP
 B = Vault XP
 C = Vault XP percentage of total XP
 D = Non-vault monster count
 E = Vault monster count
 F = Vault count percentage of total count
                 A         B        C        D         E       F
            +---------+---------+-------+---------+---------+-------
      Total |    1473 |      34 |   2.3 |      73 |       9 |  11.0
            +---------+---------+-------+---------+---------+-------
        D:1 |      35 |       0 |   0.0 |      19 |       0 |   0.0
        D:2 |      38 |       3 |   7.3 |       8 |       1 |  11.1
        D:3 |      62 |       0 |   0.0 |      16 |       0 |   0.0
        D:4 |     157 |       0 |   0.0 |       6 |       0 |   0.0
        D:5 |     791 |       9 |   1.1 |      12 |       3 |  20.0
        D:6 |     390 |      22 |   5.3 |      12 |       5 |  29.4
            +---------+---------+-------+---------+---------+-------
